 Dungeon Crawl Stone Soup version 0.29.1-1-gd02db6906a (webtiles) character file.

Game seed: 10443822350311220462

1458 LustLizard the Covert (level 8, -1/42 HPs)
             Began as a Spriggan Arcane Marksman on Oct 4, 2022.
             Was an Initiate of Dithmenos.
             Slain by a black bear (4 damage)
             ... on level 5 of the Dungeon.
             The game lasted 00:17:28 (8550 turns).

LustLizard the Covert (Spriggan Arcane Marksman)    Turns: 8550, Time: 00:17:29

Health: -1/42      AC:  2    Str:  6    XL:     8   Next: 47%
Magic:  11/11      EV: 17    Int: 15    God:    Dithmenos [......]
Gold:   212        SH:  0    Dex: 17    Spells: 3/9 levels left

rFire   . . .      SeeInvis +   t - +0 shortbow
rCold   . . .      Faith    .   (shield currently unavailable)
rNeg    + . .      Spirit   .   c - +0 robe
rPois   .          Reflect  .   (helmet restricted)
rElec   .          Harm     .   (no cloak)
rCorr   .          Rampage  .   (gloves unavailable)
Will    +....                   (boots unavailable)
Stlth   ++++......              (no amulet)
HPRegen 0.14/turn               u - ring of positive energy
MPRegen 0.12/turn               (no ring)

@: very quick
A: very small, no large weapons, unfitting armour, see invisible, speed 3
a: Renounce Religion


You were on level 5 of the Dungeon.
You worshipped Dithmenos.
Dithmenos was noncommittal.
You visited 2 branches of the dungeon, and saw 6 of its levels.
You also visited: Sewer.

You collected 251 gold pieces.
You spent 39 gold pieces at shops.

Inventory:

Hand Weapons
 a - a +1 sling
 t - a +0 shortbow (weapon)
Missiles
 y - a throwing net
Armour
 c - a +0 robe (worn)
Jewellery
 u - a ring of positive energy (left hand)
Scrolls
 b - 2 scrolls of poison
 e - 3 scrolls of butterflies {unknown}
 h - 4 scrolls of fear {unknown}
 i - 2 scrolls of teleportation {unknown}
 j - a scroll of vulnerability {unknown}
 m - a scroll of summoning {unknown}
 n - 2 scrolls of magic mapping {unknown}
 o - 3 scrolls of noise {unknown}
 p - a scroll of blinking {unknown}
 r - 2 scrolls of enchant armour {unknown}
 v - a scroll of brand weapon {unknown}
 w - a scroll of enchant weapon {unknown}
Potions
 d - 2 potions of curing
 f - a potion of magic
 g - a potion of flight {unknown}
 k - a potion of resistance
 l - 3 potions of heal wounds
 q - 2 potions of haste
 s - a potion of might {unknown}
 x - a potion of degeneration
 z - a potion of brilliance {unknown}
 A - a potion of mutation {unknown}


   Skills:
 + Level 4.0 Fighting
 * Level 7.2 Ranged Weapons
 - Level 2.6 Dodging
 + Level 8.0 Stealth
 - Level 1.3 Spellcasting
 - Level 4.0 Hexes
 - Level 4.0 Translocations


You had 3 spell levels left.
You knew the following spells:

 Your Spells              Type           Power      Damage    Failure   Level
a - Slow                  Hex            52%        N/A       4%          1
b - Blink                 Tloc           26%        N/A       7%          2
c - Portal Projectile     Hex/Tloc       26%        N/A       14%         3

Your spell library contained the following spells:

 Spells                   Type           Power      Damage    Failure   Level
 Foxfire                  Conj/Fire      4%         2x1d4     24%         1
 Inner Flame              Hex/Fire       7%         N/A       30%         3
 Conjure Flame            Conj/Fire      1%         6-21      56%         3
 Cause Fear               Hex            6%         N/A       41%         4
 Manifold Assault         Tloc           13%        N/A       77%         5
 Flame Wave               Conj/Fire      1%         2d4       93%         4
 Storm Form               Tmut/Air       0%         N/A       100%        7


Dungeon Overview and Level Annotations

Branches:
Dungeon (5/15)             Temple (1/1) D:5           Sewer (visited)

Altars:
Cheibriados
Dithmenos
Elyvilon
Gozag
Hepliaklqana
Kikubaaqudgha
Makhleb
Nemelex Xobeh
Ru
Trog
Uskayaw
Vehumet
Wu Jian
Xom
Zin

Shops:
D:3 (

Annotations:
D:3 Sigmund
D:5 2 runed translucent doors


Innate Abilities, Weirdness & Mutations

You are very small and have problems with some larger weapons.
You are too small for most types of armour.
You have supernaturally acute eyesight. (SInv)
You cover ground extremely quickly. (Speed+++)


Message History

The black bear is severely wounded.
You shoot an arrow. The arrow barely misses the black bear.
The black bear goes berserk!
You shoot an arrow.
The arrow hits the black bear but does no damage.
The black bear is severely wounded.
You shoot an arrow. The arrow hits the black bear.
The black bear is almost dead.
The black bear bites you.
The black bear claws you but does no damage.
The black bear claws you. The black bear closely misses you. x2
The black bear completely misses you.
There is an escape hatch in the floor here.
You shoot an arrow. The arrow hits the black bear.
The black bear is severely wounded.
You shoot an arrow. The arrow barely misses the black bear.
The black bear bites you! The black bear claws you.
The black bear closely misses you.
There is an open door here.
You shoot an arrow. The arrow hits the black bear.
The black bear is severely wounded.
The black bear misses you. The black bear barely misses you.
The black bear claws you.
You shoot an arrow. The arrow hits the black bear.
The black bear is almost dead.
The black bear bites you. The black bear claws you. x2
The black bear bites you!
* * * LOW HITPOINT WARNING * * *
The black bear barely misses you. The black bear completely misses you.
Fire: t) +0 shortbow
Press: ? - help, Q - select action, (/) - cycle Shift-Dir - straight line, f/p - black bear
Aim: a black bear (almost dead, berserk, 72% to hit)
You shoot an arrow.
The arrow hits the black bear but does no damage.
The black bear is almost dead.
The black bear is no longer berserk.
The black bear barely misses you. x2
The black bear claws you.
* * * LOW HITPOINT WARNING * * *
The black bear bites you.
You die...

~~# ##.............[.... ~##
######### ##++####....#### ~#
#.......# .≈... #......# ##
#.......# .#.⌠. #....#.# #
#.......# §§~≈ #...##.# #
#.......# §§) #>...# . #
####'##.# #..####'#
#.#############).'.....
#####......#@h.#..)<.#.≈... #
#.......##.###'#..#).#.≈._. #
#...###...###........#.≈... #
#...# #.⌠.# #........'..... #
#...###...###........####+# ##
#.........†...........# ~#
#....⌠.(>..⌠.#####....# ~#
##............#####....###.
~###....###...####<...>.......#


You could see a black bear (slow).

Vanquished Creatures
  Grinder (D:5)
  Pargi (D:2)
  An ice beast (D:3)
  3 black bears
  An ogre (D:3)
  2 scorpions
  2 howler monkeys (D:5)
  A gnoll bouda (D:4)
  3 hounds
  An orc wizard (D:5)
  2 iguanas (D:5)
  Terence (D:3)
  6 gnolls
  14 adders
  3 worms (D:2)
  2 dart slugs
  14 orcs
  6 bats
  7 endoplasms
  5 giant cockroaches
  4 goblins
  9 hobgoblins
  9 jackals
  3 quokkas
  3 ball pythons
  12 frilled lizards
  4 kobolds
  7 rats
127 creatures vanquished.

Vanquished Creatures (others)
  8 demonic plants (D:3)
  7 fungi (D:3)
  4 plants (D:3)
  9 withered plants (D:3)
28 creatures vanquished.

Grand Total: 155 creatures vanquished

Notes
Turn   | Place    | Note
-------+----------+-------------------------------------------
     0 | D:1      | LustLizard the Spriggan Arcane Marksman began the quest for
                  | the Orb.
     0 | D:1      | Reached XP level 1. HP: 9/9 MP: 3/3
   214 | D:1      | Reached skill level 1 in Stealth
   227 | D:1      | Reached XP level 2. HP: 11/14 MP: 5/5
   533 | D:1      | Reached skill level 1 in Fighting
   626 | D:1      | Reached skill level 2 in Stealth
   626 | D:1      | Reached XP level 3. HP: 18/18 MP: 6/6
  1216 | D:2      | Learned a level 2 spell: Blink
  1547 | D:2      | Reached skill level 1 in Translocations
  1547 | D:2      | Reached XP level 4. HP: 22/22 MP: 7/7
  1571 | D:2      | Reached skill level 3 in Stealth
  2103 | D:3      | Noticed Sigmund
  2132 | D:3      | Noticed Terence
  2347 | D:3      | HP: 1/22 [adder (2)]
  2483 | D:3      | Reached XP level 5. HP: 4/25 MP: 8/8
  2533 | D:3      | Found a glowing drain.
  2539 | Sewer    | Entered a sewer
  2817 | Sewer    | Noticed Pargi
  3033 | D:3      | Found a faded altar of an unknown god.
  3498 | D:3      | Found a glowing silver altar of Zin.
  3536 | D:3      | Found a sacrificial altar of Ru.
  3538 | D:3      | Reached skill level 4 in Stealth
  3639 | D:3      | Killed Terence
  4030 | D:3      | Found Opuilopn's Weapon Boutique.
  4071 | D:3      | Bought a +0 shortbow for 39 gold pieces
  4076 | D:3      | Learned a level 3 spell: Portal Projectile
  4237 | D:4      | Noticed an ogre
  4239 | D:4      | Noticed an ice beast
  4272 | D:3      | Killed an ogre
  4273 | D:3      | Reached XP level 6. HP: 30/30 MP: 9/9
  4470 | D:3      | Killed an ice beast
  4471 | D:3      | Reached skill level 5 in Stealth
  4637 | D:4      | Noticed an orc warrior
  5485 | D:2      | Killed Pargi
  5486 | D:2      | Reached skill level 5 in Ranged Weapons
  5486 | D:2      | Reached XP level 7. HP: 28/35 MP: 10/10
  5641 | D:5      | Entered Level 5 of the Dungeon
  5829 | D:5      | Reached skill level 6 in Stealth
  6459 | D:5      | Noticed Grinder
  6781 | D:5      | Killed Grinder
  6888 | D:5      | Found a staircase to the Ecumenical Temple.
  6895 | Temple   | Entered the Ecumenical Temple
  7053 | Temple   | Became a worshipper of Dithmenos the Shadowed
  7098 | D:5      | Reached skill level 7 in Stealth
  7098 | D:5      | Reached XP level 8. HP: 26/40 MP: 11/11
  7634 | D:5      | Found a bloodstained altar of Trog.
  8003 | D:4      | Found an ornate altar of the Wu Jian Council.
  8005 | D:4      | Found a white marble altar of Elyvilon.
  8007 | D:4      | Found an opulent altar of Gozag.
  8036 | D:5      | Found a large runed translucent door.
  8036 | D:5      | Found a large runed translucent door.
  8428 | D:5      | Reached skill level 8 in Stealth
  8550 | D:5      | Slain by a black bear

Illustrated notes

Levels and vault maps discovered:
D:1:      psy_arrival_terrarium, layout_loops_ring,
          hangedman_abyss_or_decor_stabs, minmay_tetromino_s4
D:2:      layout_loops_corners
D:3:      layout_rooms, mainiacjoe_overflow_alcove_1,
          nicolae_ru_sacrificial_ziggurat, shapermc_ecumenical_altar_gd,
          gup_sewer_entry_bubbles, serial_shops,
          nicolae_shop_bloodbath_and_beyond, uniq_terence, uniq_sigmund
D:4:      layout_rooms, grunt_temple_overflow_diamond, corexii_checkpoint_a,
          kennysheep_cluttered_room
D:5:      wander_river, layout_basic, mainiacjoe_overflow_six_doors_small,
          minmay_temple_entry_junction, ebering_ghost_disaster_area,
          uniq_grinder
Temple:   minmay_temple_curvy_branch

Skill      XL: |  1  2  3  4  5  6  7  8 |
---------------+-------------------------+-----
Stealth        | 1 2 3 4 5 7 8 |  8.0
Hexes          | 4 |  4.0
Fighting       | 1 2 3 4 |  4.0
Ranged Weapons | 3 4 5 6 7 |  7.2
Translocations | 1 2 3 4 |  4.0
Dodging        | |  2.6
Spellcasting   | |  1.3

Action                   |  1- 3 |  4- 6 |  7- 9 || total
-------------------------+-------+-------+-------++-------
 Fire: Sling             |   120 |   163 |       ||   283
       Shortbow          |       |   142 |   185 ||   327
 Cast: Slow              |     1 |    22 |     5 ||    28
  Use: Scroll            |       |       |     6 ||     6
Armor: Robe              |     7 |    17 |     6 ||    30
Dodge: Dodged            |    44 |   153 |    97 ||   294
